 Dungeon Sprint DCSS version 0.17.0-26-gececa24 (webtiles) character file.

45057 George the Severer (level 13, -3/91 HPs)
             Began as a Demonspawn Fighter on Nov 20, 2015.
             Was the Champion of Makhleb.
             Slain by a manticore (4 damage)
             ... in the Dungeon (Sprint V: "Ziggurat Sprint").
             The game lasted 00:17:41 (1473 turns).

George the Severer (Demonspawn Fighter)             Turns: 1473, Time: 00:17:41

Health: -3/91      AC: 39    Str: 25    XL:     13   Next: 99%
Magic:  26/26      EV:  8    Int: 12    God:    Makhleb [******]
Gold:   0          SH: 32    Dex: 12    Spells: 0 memorised, 12 levels left

rFire  + . .     SeeInvis +     K - +14 obsidian axe {chop, +Fly Str+3 SInv *Curse} (curse)
rCold  + . .     Clarity  .     L - +15 Maxwell's patent armour {-Cast -Tele rElec MR+ rCorr}
rNeg   + . .     SustAt   .     M - +18 shield of the gong {rElec rN+ MR+ EV-5}
rPois  .         Gourm    .     Z - +1 helmet {SInv}
rElec  +         Spirit   .     T - +2 cloak {+Inv}
rCorr  +         Warding  .     S - +0 pair of gloves {archery}
rMut   .         NoTele   +     (boots unavailable)
MR     ++...     NoCast   +     (no amulet)
Stlth  ..........               Y - ring "Boyqusie" {Wiz rF+ Str-4 Stlth+}
                                G - +6 ring of strength

@: lethally poisoned (-3 -> -45), mesmerised, studying 2 skills, very resistant
to hostile enchantments, extremely unstealthy
A: hooves 3, cold resistance 1, frail 2, slow regeneration 1, spiny 1, rot
immunity, subdued magic 1
a: Minor Destruction, Lesser Servant of Makhleb, Major Destruction, Greater
Servant of Makhleb, Renounce Religion, Evoke Invisibility, Evoke Flight


You were in the Dungeon.
You worshipped Makhleb.
Makhleb was exalted by your worship.
You were not hungry.

You visited 1 branch

Inventory:

Hand Weapons
 K - the cursed +14 obsidian axe (weapon) {chop, +Fly Str+3 SInv *Curse}
   (You found it in the Dungeon)

   It inflicts extra damage upon your enemies.
   It affects your strength (+3).
   It lets you see invisible.
   It lets you fly.
   It may re-curse itself when equipped.
   It has a curse placed upon it.
Armour
 L - the +15 Maxwell's patent armour (worn) {-Cast -Tele rElec MR+ rCorr}
   (You found it in the Dungeon)

   It insulates you from electricity.
   It affects your resistance to hostile enchantments.
   It prevents spellcasting.
   It prevents most forms of teleportation.
   It protects you from acid and corrosion.
 M - the +18 shield of the gong (worn) {rElec rN+ MR+ EV-5}
   (You found it in the Dungeon)

   It affects your evasion (-5).
   It insulates you from electricity.
   It protects you from negative energy.
   It affects your resistance to hostile enchantments.
 S - a +0 pair of gloves of archery (worn)
 T - a +2 cloak of invisibility (worn)
 Z - a +1 helmet of see invisible (worn)
Jewellery
 G - a +6 ring of strength (left hand)
 N - the ring "Geshraod" {+Blink rF- MR++ Int+2 Slay+2}
   (You found it in the Dungeon)

   [ring of intelligence]

   It affects your intelligence (+2).
   It affects your accuracy and damage with ranged weapons and melee attacks
   (+2).
   It makes you vulnerable to fire.
   It affects your resistance to hostile enchantments.
   It lets you blink.
 Y - the ring "Boyqusie" (right hand) {Wiz rF+ Str-4 Stlth+}
   (You found it in the Dungeon)

   [ring of wizardry]

   It improves your spell success rate.
   It affects your strength (-4).
   It protects you from fire.
   It makes you more stealthy.
Wands
 y - a wand of disintegration (7)
 z - a wand of fire (5)
 A - a wand of cold (5)
 B - a wand of draining (5)
Scrolls
 k - 4 scrolls of blinking
 q - 4 scrolls of amnesia
 r - 3 scrolls of recharging
 s - 7 scrolls of fog
 t - 5 scrolls of identify
 u - 5 scrolls of remove curse
 v - 2 scrolls of fear
 Q - 3 scrolls of brand weapon
 R - 8 scrolls of enchant armour
Potions
 d - 7 potions of might
 f - 10 potions of curing
 g - 10 potions of heal wounds
 h - 8 potions of haste
 i - 7 potions of magic
 j - 3 potions of berserk rage
 l - 2 potions of brilliance
 m - 2 potions of invisibility
 n - 3 potions of resistance
 p - 5 potions of agility
Books
 a - a manual of Stealth
 O - a manual of Air Magic
Miscellaneous
 b - a phial of floods
 J - a disc of storms
 P - a plain deck of changes
 U - a lamp of fire
 V - a plain deck of summoning
 W - a plain deck of destruction
 X - a fan of gales
Comestibles
 c - 7 chunks of flesh
 e - 5 bread rations
 w - 42 fruits
 x - 4 meat rations


   Skills:
 + Level 14.9 Fighting
 * Level 19.6 Axes
 + Level 13.8 Armour
 + Level 13.5 Dodging
 + Level 13.9 Shields
 + Level 18.3 Invocations


You had 12 spell levels left.
You didn't know any spells.

Dungeon Overview and Level Annotations

Branches:
Dungeon (1/1)

Altars:
Ashenzari
Cheibriados
Dithmenos
Elyvilon
Fedhas
Gozag
Kikubaaqudgha
Makhleb
Nemelex Xobeh
Okawaru
Qazlal
Ru
Sif Muna
Trog
Vehumet
Xom
Yredelemnul
Zin
The Shining One
Beogh
Jiyva
Lugonu


Innate Abilities, Weirdness & Mutations

You have hooves in place of feet.
You are partially covered in sharp spines.
You are immune to rotting.
Your flesh is cold resistant.
You are very frail (-20% HP).
You regenerate slowly when monsters are visible.
Your spells are a little easier to cast, but a little less powerful.


Message History

The siren chants a haunting song.
You resist.
The merfolk javelineer is engulfed in a cloud of scalding steam.
The merfolk javelineer throws a poisoned javelin.
The poisoned javelin hits you but does no damage.
You hear a splash.
You block the merfolk impaler's attack.
BONNNG!
You block the snapping turtle's attack.
PTOANNNG!
You block the merfolk's attack.
BOUMMMMG!
The merfolk impaler closely misses you. The manticore is struck by your spines.
The manticore bites you!
* * * LOW HITPOINT WARNING * * *
The manticore closely misses you. You block the manticore's attack.
PTOANNNG!
The manticore is struck by your spines. The manticore closely misses you.
The manticore claws you.
You die...

▓▓▓▓▓▓▓▓▓▓▓▓▓▓▓......
▓.≈.≈.8©8... ▓......
▓.)≈)[:≈[=}} ▓......
▓.§)%[):=}}) ▓....))
▓≈.≈..m..≈.. ▓......
▓.≈≈mm.≈≈..≈ ▓..▓..)
▓.mmmCH..≈≈...▓......
▓§≈)mHt.......▓......
▓.≈m@Hm...≈≈..▓▓▓▓▓▓▓
▓≈.§§m§≈...≈≈≈▓...8©8
▓≈(▓§≈...≈.▓≈≈▓..[4)|
▓.m§.§.≈≈.≈.≈.▓..)4)}
▓.≈≈.≈.≈≈..≈..▓......
▓.≈..≈......≈.▓......
▓▓▓▓▓▓▓▓▓▓▓▓▓▓▓......
▓...... ▓..▓†)†


You could see 2 merfolk impalers, 2 merfolk javelineers, 3 merfolk aquamancers,
a snapping turtle, a merfolk, 3 manticores, a cyclops and 3 sirens.

Vanquished Creatures
  An ancient lich (D)
  A lich (D)
  A fire giant (D)
  A deep elf sorcerer (D)
  A reaper (D)
  A green draconian (D)
  2 mottled draconians (D)
  A purple draconian (D)
  A merfolk impaler (D)
  4 fire dragons (D)
  A hydra (D)
  4 hell hogs (D)
  2 deep elf knights (D)
  2 skeletal warriors (D)
  An ice devil (D)
  A flayed ghost (D)
  A harpy (D)
  2 ugly things (D)
  A wolf spider (shapeshifter) (D)
  2 necromancers (D)
  3 shining eyes (D)
  3 draconians (D)
  A cyclops (D)
  3 rust devils (D)
  An octopode (shapeshifter) (D)
  2 spiny frogs (D)
  2 hellions (D)
  2 jumping spiders (D)
  A red devil (D)
  2 tormentors (D)
  A yaktaur (D)
  A guardian mummy (D)
  3 efreet (D)
  A merfolk (D)
  3 fire drakes (D)
  A blue devil (D)
  A queen bee (shapeshifter) (D)
  2 flying skulls (D)
  2 shadows (D)
  A yak (D)
  2 spriggans (D)
  3 tarantellas (D)
  6 fire elementals (D)
  A vampire (D)
  A basilisk (shapeshifter) (D)
  A hippogriff (D)
  An orc warrior (D)
  4 wolves (D)
  2 water moccasins (D)
  A porcupine (D)
  A wasp (D)
  2 hell hounds (D)
  3 centaurs (D)
  A black bear (D)
  A crocodile (D)
  A giant frog (D)
  2 scorpions (D)
  2 wights (D)
  2 orc priests (D)
  2 orc wizards (D)
  3 mummies (D)
  A river rat (D)
  A giant eyeball (D)
  An ufetubus (D)
  An ooze (D)
  4 adder zombies (D)
  3 bat skeletons (D)
  A bat zombie (D)
  A ball python zombie (D)
  A giant cockroach zombie (D)
  2 giant gecko skeletons (D)
  A jackal skeleton (D)
  A fire vortex (D)
127 creatures vanquished.

Vanquished Creatures (collateral kills)
  A fire giant (D)
  A very ugly thing (D)
  A mottled draconian (D)
  A hydra (D)
  A spriggan druid (D)
  A deep elf summoner (D)
  An ugly thing (D)
  A black mamba (D)
  A shining eye (shapeshifter) (D)
  A rust devil (D)
  An efreet (D)
  A yaktaur (D)
  A guardian mummy (D)
  A red devil (D)
  A blink frog (D)
  A spriggan (D)
  A water moccasin (D)
  A wasp (D)
  A crocodile (D)
  An orc priest (D)
  An iguana (D)
  A sheep (D)
  A mummy (D)
23 creatures vanquished.

Vanquished Creatures (others)
  A manticore (D)
  A fire vortex (D)
2 creatures vanquished.

Grand Total: 152 creatures vanquished

Notes
Turn   | Place    | Note
--------------------------------------------------------------
     0 | D        | George the Demonspawn Fighter began the quest for the Orb.
     0 | D        | Reached XP level 1. HP: 18/18 MP: 1/1
    13 | D        | Found a roughly hewn altar of Beogh.
    13 | D        | Found a corrupted altar of Lugonu.
    13 | D        | Found a viscous altar of Jiyva.
    13 | D        | Found a white marble altar of Elyvilon.
    13 | D        | Found a sparkling altar of Nemelex Xobeh.
    13 | D        | Found a burning altar of Makhleb.
    13 | D        | Found an iron altar of Okawaru.
    13 | D        | Found a deep blue altar of Sif Muna.
    13 | D        | Found a radiant altar of Vehumet.
    13 | D        | Found a bloodstained altar of Trog.
    13 | D        | Found a shimmering altar of Xom.
    48 | D        | Became a worshipper of Makhleb the Destroyer
    50 | D        | Reached skill level 4 in Fighting
    50 | D        | Gained mutation: You are partially covered in sharp spines. [demonic ancestry]
    50 | D        | Reached XP level 2. HP: 23/25 MP: 1/4
    84 | D        | Entered arena 1.
    88 | D        | Reached * piety under Makhleb
   101 | D        | Entered arena 2.
   101 | D        | Noticed a tarantella
   101 | D        | Noticed a tarantella
   101 | D        | Noticed a scorpion
   105 | D        | Killed a tarantella
   105 | D        | Reached skill level 5 in Fighting
   105 | D        | Reached skill level 6 in Axes
   105 | D        | Reached skill level 5 in Invocations
   105 | D        | Reached XP level 3. HP: 19/33 MP: 5/7
   105 | D        | Reached XP level 4. HP: 22/39 MP: 5/8
   105 | D        | Reached XP level 5. HP: 24/44 MP: 5/9
   106 | D        | Killed a tarantella
   106 | D        | Reached ** piety under Makhleb
   106 | D        | Reached skill level 7 in Axes
   106 | D        | Reached skill level 5 in Armour
   106 | D        | Reached skill level 5 in Shields
   106 | D        | Gained mutation: You have large cloven feet. [demonic ancestry]
   106 | D        | Reached XP level 6. HP: 40/52 MP: 5/11
   107 | D        | Killed a scorpion
   154 | D        | Entered arena 3.
   154 | D        | Noticed a deep elf summoner
   154 | D        | Noticed a deep elf knight
   154 | D        | Noticed a deep elf knight
   154 | D        | Noticed a deep elf sorcerer
   155 | D        | Noticed an orange demon
   156 | D        | Noticed a redback
   160 | D        | Noticed a redback
   160 | D        | Killed a deep elf knight
   160 | D        | Reached skill level 8 in Axes
   160 | D        | Reached skill level 5 in Dodging
   160 | D        | Reached XP level 7. HP: 52/60 MP: 11/13
   162 | D        | Killed a deep elf sorcerer
   162 | D        | Reached *** piety under Makhleb
   162 | D        | Reached skill level 10 in Axes
   162 | D        | Reached skill level 10 in Invocations
   162 | D        | Gained mutation: You have hoof-like feet. [demonic ancestry]
   162 | D        | Reached XP level 8. HP: 50/69 MP: 11/15
   162 | D        | Reached XP level 9. HP: 54/75 MP: 11/16
   162 | D        | Killed a deep elf knight
   162 | D        | Reached skill level 11 in Axes
   163 | D        | Noticed a demonic crawler
   167 | D        | Killed a deep elf summoner
   305 | D        | Entered arena 4.
   305 | D        | Noticed a jumping spider
   305 | D        | Noticed a jumping spider
   305 | D        | Noticed a tarantella
   305 | D        | Noticed a scorpion
   307 | D        | Killed a scorpion
   307 | D        | Reached **** piety under Makhleb
   309 | D        | Killed a tarantella
   312 | D        | Killed a jumping spider
   315 | D        | Killed a jumping spider
   373 | D        | Entered arena 5.
   373 | D        | Noticed a hell hound
   375 | D        | Reached ***** piety under Makhleb
   376 | D        | Killed a hell hound
   376 | D        | Gained mutation: You have hooves in place of feet. [demonic ancestry]
   376 | D        | Reached XP level 10. HP: 64/83 MP: 18/18
   438 | D        | Entered arena 6.
   438 | D        | Noticed a yaktaur
   438 | D        | Noticed a centaur
   438 | D        | Noticed a centaur
   438 | D        | Noticed a centaur
   438 | D        | Noticed a yaktaur
   438 | D        | Noticed a cyclops
   441 | D        | Identified the +9 rapier of Puemun {pierce, rPois rF+ Str+4 Int+2}
   447 | D        | Killed a centaur
   447 | D        | Killed a centaur
   448 | D        | Killed a yaktaur
   448 | D        | Killed a centaur
   448 | D        | Reached ****** piety under Makhleb
   452 | D        | Killed a yaktaur
   452 | D        | Reached skill level 12 in Axes
   453 | D        | Killed a cyclops
   563 | D        | Entered arena 7.
   563 | D        | Noticed an orc wizard
   563 | D        | Noticed an orc warrior
   563 | D        | Noticed an orc priest
   563 | D        | Noticed an orc priest
   563 | D        | Noticed an orc priest
   563 | D        | Noticed an orc wizard
   564 | D        | Identified a +8 rod of the swarm (6/11)
   566 | D        | Killed an orc wizard
   567 | D        | Killed an orc priest
   567 | D        | Reached skill level 10 in Fighting
   571 | D        | Killed an orc priest
   573 | D        | Killed an orc priest
   576 | D        | Killed an orc warrior
   576 | D        | Killed an orc wizard
   621 | D        | Entered arena 8.
   621 | D        | Noticed a guardian mummy
   621 | D        | Noticed a flying skull
   621 | D        | Noticed a guardian mummy
   626 | D        | Killed a flying skull
   629 | D        | Killed a guardian mummy
   631 | D        | Killed a guardian mummy
   651 | D        | Entered arena 9.
   651 | D        | Noticed a draconian
   651 | D        | Noticed a mottled draconian
   651 | D        | Noticed a draconian
   651 | D        | Noticed a purple draconian
   651 | D        | Noticed a mottled draconian
   651 | D        | Noticed a mottled draconian
   651 | D        | Noticed a draconian
   651 | D        | Noticed a green draconian
   659 | D        | Killed a draconian
   662 | D        | Killed a green draconian
   662 | D        | Reached skill level 13 in Axes
   662 | D        | Killed a mottled draconian
   662 | D        | Reached skill level 10 in Shields
   662 | D        | Reached XP level 11. HP: 22/92 MP: 20/20
   663 | D        | Killed a mottled draconian
   663 | D        | Reached skill level 10 in Armour
   663 | D        | Killed a mottled draconian
   664 | D        | Killed a draconian
   664 | D        | Killed a purple draconian
   664 | D        | Reached skill level 10 in Dodging
   667 | D        | Killed a draconian
   795 | D        | Entered arena 10.
   795 | D        | Noticed a wolf
   795 | D        | Noticed a spriggan rider
   795 | D        | Noticed a black bear
   795 | D        | Noticed a spriggan druid
   795 | D        | Noticed a wolf
   795 | D        | Noticed a wolf
   795 | D        | Noticed a wolf
   795 | D        | Noticed a spriggan
   795 | D        | Noticed a spriggan rider
   796 | D        | Killed a wolf
   796 | D        | Reached skill level 14 in Axes
   797 | D        | Killed a wolf
   801 | D        | Killed a wasp
   802 | D        | Killed a wolf
   802 | D        | Killed a spriggan druid
   803 | D        | Killed a wolf
   803 | D        | Killed a spriggan
   806 | D        | Killed a black bear
   807 | D        | Killed a spriggan
   807 | D        | Killed a wasp
   808 | D        | Killed a spriggan
   835 | D        | Entered arena 11.
   835 | D        | Noticed a flying skull
   835 | D        | Noticed a reaper
   835 | D        | Noticed a tormentor
   836 | D        | Noticed a rust devil
   836 | D        | Noticed a blue devil
   837 | D        | Noticed a flayed ghost
   838 | D        | Killed a tormentor
   840 | D        | Killed a flying skull
   843 | D        | Killed a reaper
   845 | D        | Killed a blue devil
   846 | D        | Killed a flayed ghost
   848 | D        | Killed a rust devil
   872 | D        | Entered arena 12.
   872 | D        | Noticed a hell hound
   872 | D        | Noticed a fire dragon
   872 | D        | Noticed a fire dragon
   872 | D        | Noticed an efreet
   872 | D        | Noticed a fire elemental
   872 | D        | Noticed a fire elemental
   874 | D        | Noticed a fire drake
   874 | D        | Noticed a hell hog
   874 | D        | Noticed a fire drake
   874 | D        | Noticed a fire elemental
   879 | D        | Killed a fire elemental
   880 | D        | Killed a fire elemental
   882 | D        | Killed a hell hog
   882 | D        | Reached XP level 12. HP: 86/102 MP: 21/23
   883 | D        | Killed a fire elemental
   885 | D        | Killed a fire dragon
   885 | D        | Reached skill level 15 in Axes
   885 | D        | Killed a fire drake
   887 | D        | Killed a fire drake
   887 | D        | Killed a hell hound
   888 | D        | Killed a fire dragon
   888 | D        | Reached skill level 15 in Invocations
   889 | D        | Killed an efreet
   924 | D        | Entered arena 13.
   924 | D        | Noticed a vampire
   925 | D        | Noticed a necromancer
   925 | D        | Noticed a lich
   925 | D        | Noticed an ancient lich
   926 | D        | Noticed a wight
   926 | D        | Noticed a shadow
   926 | D        | Noticed a shadow
   927 | D        | Killed a vampire
   928 | D        | Noticed a necromancer
   932 | D        | Killed a necromancer
   932 | D        | Killed a wight
   935 | D        | Killed a necromancer
   935 | D        | Killed a shadow
   936 | D        | Killed a shadow
   945 | D        | Killed an ancient lich
   945 | D        | Reached skill level 17 in Axes
   947 | D        | Killed a lich
   947 | D        | Gained mutation: You are immune to rotting. [demonic ancestry]
   947 | D        | Reached XP level 13. HP: 111/111 MP: 23/25
   970 | D        | Entered arena 14.
   974 | D        | Noticed an eye of devastation
   974 | D        | Noticed a brown ugly thing
   974 | D        | Noticed a red ugly thing
   974 | D        | Noticed a red very ugly thing
   975 | D        | Noticed a wolf spider
   975 | D        | Noticed a green ugly thing
   975 | D        | Noticed an octopode
   975 | D        | Noticed a shining eye
   975 | D        | Noticed a shining eye
   975 | D        | Noticed a basilisk
   975 | D        | Noticed a shining eye
   976 | D        | Noticed a black mamba
   976 | D        | an eye of devastation changed into a snapping turtle
   977 | D        | a black mamba changed into a raiju
   979 | D        | Gained mutation: Your flesh is cold resistant. [a shining eye]
   980 | D        | Killed a shining eye
   981 | D        | Killed a basilisk
   981 | D        | Killed a brown ugly thing
   983 | D        | Killed a wolf spider
   983 | D        | Reached skill level 18 in Axes
   987 | D        | Gained mutation: Your spells are a little easier to cast, but a little less powerful. [a shining eye]
   988 | D        | Killed an octopode
   988 | D        | Killed a purple ugly thing
   988 | D        | Gained mutation: You regenerate slowly when monsters are visible. [a shining eye]
   988 | D        | Gained mutation: You are frail (-10% HP). [a shining eye]
   990 | D        | Killed a shining eye
   990 | D        | Gained mutation: You are very frail (-20% HP). [a shining eye]
   991 | D        | Killed a shining eye
   993 | D        | Killed a purple very ugly thing
   995 | D        | Killed a brown ugly thing
  1016 | D        | Got the ring "Boyqusie" {Wiz rF+ Str-4 Stlth+}
  1027 | D        | Entered arena 15.
  1028 | D        | Noticed a tormentor
  1028 | D        | Noticed an ice devil
  1028 | D        | Noticed a skeletal warrior
  1028 | D        | Noticed a red devil
  1028 | D        | Noticed a hellion
  1028 | D        | Noticed a rust devil
  1028 | D        | Noticed a rust devil
  1029 | D        | Noticed a rust devil
  1029 | D        | Noticed a wight
  1029 | D        | Noticed a red devil
  1029 | D        | Noticed a skeletal warrior
  1029 | D        | Noticed a hellion
  1034 | D        | Killed a skeletal warrior
  1034 | D        | Killed a rust devil
  1037 | D        | Killed a wight
  1039 | D        | Killed a hellion
  1040 | D        | Killed a hellion
  1041 | D        | Killed a rust devil
  1043 | D        | Killed a rust devil
  1043 | D        | Killed a skeletal warrior
  1044 | D        | Killed a red devil
  1046 | D        | Killed an ice devil
  1050 | D        | Killed a tormentor
  1054 | D        | Killed a red devil
  1074 | D        | Got the ring "Geshraod" {+Blink rF- MR++ Int+2 Slay+2}
  1221 | D        | Entered arena 16.
  1229 | D        | Noticed a fire giant
  1229 | D        | Noticed a fire dragon
  1229 | D        | Noticed a fire giant
  1229 | D        | Noticed a hell hog
  1229 | D        | Noticed a hell hog
  1230 | D        | Noticed a fire elemental
  1230 | D        | Noticed a fire elemental
  1230 | D        | Noticed an efreet
  1230 | D        | Noticed a fire dragon
  1230 | D        | Noticed an efreet
  1230 | D        | Noticed a hell hog
  1230 | D        | Noticed a fire elemental
  1230 | D        | Noticed a fire drake
  1231 | D        | Noticed an efreet
  1236 | D        | Killed a hell hog
  1237 | D        | Killed a hell hog
  1237 | D        | Killed a hell hog
  1238 | D        | Killed a fire drake
  1239 | D        | Killed a fire giant
  1239 | D        | Reached skill level 19 in Axes
  1239 | D        | Killed an efreet
  1241 | D        | Killed a fire elemental
  1243 | D        | Killed a fire elemental
  1245 | D        | Killed a fire dragon
  1245 | D        | Killed an efreet
  1246 | D        | Killed a fire elemental
  1247 | D        | Killed a fire giant
  1248 | D        | Killed a fire dragon
  1250 | D        | Killed an efreet
  1271 | D        | Identified the Papyrus of the Voyage and the Glacier (You found it in the Dungeon)
  1272 | D        | Identified the Compendium of Congealing Confrontation (You found it in the Dungeon)
  1357 | D        | Entered arena 17.
  1366 | D        | Noticed a seven-headed hydra
  1366 | D        | Noticed a water moccasin
  1366 | D        | Noticed a six-headed hydra
  1366 | D        | Noticed a water moccasin
  1366 | D        | Noticed a yak
  1367 | D        | Noticed a spiny frog
  1367 | D        | Noticed a crocodile
  1367 | D        | Noticed a blink frog
  1367 | D        | Noticed a porcupine
  1367 | D        | Noticed a water moccasin
  1367 | D        | Noticed a hippogriff
  1367 | D        | Noticed a crocodile
  1368 | D        | Noticed an iguana
  1368 | D        | Noticed a giant frog
  1368 | D        | Noticed a spiny frog
  1369 | D        | Noticed a black mamba
  1374 | D        | Killed a 12-headed hydra
  1374 | D        | Killed a porcupine
  1376 | D        | Killed a yak
  1376 | D        | Killed a water moccasin
  1377 | D        | Killed a hippogriff
  1377 | D        | Killed a black mamba
  1378 | D        | Killed a spiny frog
  1379 | D        | Killed a crocodile
  1379 | D        | Killed an iguana
  1381 | D        | Killed a giant frog
  1381 | D        | Killed a spiny frog
  1381 | D        | Killed an eight-headed hydra
  1382 | D        | Killed a water moccasin
  1383 | D        | Killed a water moccasin
  1384 | D        | Killed a crocodile
  1384 | D        | Killed a blink frog
  1441 | D        | Entered arena 18.
  1452 | D        | Noticed a merfolk impaler
  1452 | D        | Noticed a merfolk
  1452 | D        | Noticed a manticore
  1452 | D        | Noticed a merfolk impaler
  1452 | D        | Noticed a merfolk impaler
  1452 | D        | Noticed a merfolk
  1452 | D        | Noticed a harpy
  1453 | D        | Noticed a cyclops
  1453 | D        | Noticed a merfolk aquamancer
  1453 | D        | Noticed a manticore
  1453 | D        | Noticed a siren
  1453 | D        | Noticed a snapping turtle
  1453 | D        | Noticed a merfolk javelineer
  1453 | D        | Noticed a siren
  1453 | D        | Noticed a manticore
  1453 | D        | Noticed a manticore
  1453 | D        | Noticed a siren
  1453 | D        | Noticed a merfolk aquamancer
  1453 | D        | Noticed a merfolk aquamancer
  1455 | D        | Killed a harpy
  1456 | D        | Noticed a merfolk javelineer
  1461 | D        | Killed a merfolk
  1468 | D        | Killed a merfolk impaler
  1470 | D        | HP: 2/91 [manticore (3)]
  1473 | D        | Killed a manticore
  1473 | D        | Slain by a manticore

Action                   |  1- 3 |  4- 6 |  7- 9 | 10-12 | 13-15 || total
-------------------------+-------+-------+-------+-------+-------++-------
Melee: Broad axe         |     6 |     5 |    14 |   104 |    89 ||   218
  Use: Potion            |     1 |       |       |     1 |     4 ||     6
 Stab: Distracted        |       |       |       |     4 |     1 ||     5
  Eat: Chunk             |       |       |       |       |     2 ||     2
